 Dungeon Crawl Stone Soup version 0.26.0-8-g74fc34ddfb (webtiles) character file.

Game seed: 15349846294195643991

107 lastplaneout the Insei (level 4, 0/31 HPs)
             Began as a Vampire Transmuter on Jan 13, 2021.
             Was a Believer of Fedhas.
             Slain by a gnoll
             ... wielding a +0 club
              (7 damage)
             ... on level 2 of the Dungeon.
             The game lasted 00:05:26 (1632 turns).

lastplaneout the Insei (Vampire Transmuter)         Turns: 1632, Time: 00:05:26

Health: 0/31       AC:  2    Str:  9    XL:     4   Next: 57%
Magic:  5/7        EV: 12    Int: 16    God:    Fedhas [**....]
Gold:   168        SH:  0    Dex: 14    Spells: 1/7 levels left

rFire    . . .     SeeInvis +     - Unarmed
rCold    . . .     Faith    .   (no shield)
rNeg     . . .     Spirit   .   a - +0 robe
rPois    .         Reflect  .   (no helmet)
rElec    .         Harm     .   (no cloak)
rCorr    .         Rampage  .   (no gloves)
Will     .....                  (no boots)
Stlth    +.........             (no amulet)
HPRegen  0.30/turn              (no ring)
MPRegen  0.10/turn              (no ring)

@: wereblooded, regenerating quickly, hasted, very quick
A: fangs 3, see invisible, unbreathing
a: Exsanguinate, Renounce Religion, Wall of Briars


You were on level 2 of the Dungeon.
You worshipped Fedhas.
Fedhas was pleased with you.
You visited 1 branch of the dungeon, and saw 3 of its levels.

You collected 168 gold pieces.

Inventory:

Armour
 a - a +0 robe (worn)
Jewellery
 m - an uncursed ring of ice
Scrolls
 b - a scroll of identify
 d - a scroll of fear {unknown}
 e - 3 scrolls of remove curse {unknown}
 f - a scroll of random uselessness {unknown}
 g - a scroll of magic mapping {unknown}
 i - 2 scrolls of teleportation
Potions
 h - a potion of cancellation {unknown}
 k - a potion of lignification {unknown}
 l - a potion of ambrosia {unknown}


   Skills:
 - Level 0.8 Fighting
 - Level 2.1 Dodging
 + Level 5.2 Unarmed Combat
 - Level 2.0 Spellcasting
 + Level 3.4 Transmutations


You had one spell level left.
You knew the following spells:

 Your Spells              Type           Power        Failure   Level
a - Beastly Appendage     Tmut           24%          4%          1
b - Wereblood             Tmut           12%          8%          2
c - Spider Form           Tmut/Pois      3%           30%         3

Your spell library contained the following spells:

 Spells                   Type           Power        Failure   Level
 Ice Form                 Ice/Tmut       7%           71%         4
 Blade Hands              Tmut           6%           80%         5


Dungeon Overview and Level Annotations

Branches:
Dungeon (3/15)

Altars:
Fedhas


Innate Abilities, Weirdness & Mutations

Your natural rate of healing is unusually fast.
You have razor-sharp teeth.
You have supernaturally acute eyesight. (SInv)
You can survive without breathing.


Message History

The gnoll is severely wounded.
You barely miss the gnoll.
The gnoll is severely wounded.
The gnoll hits you but does no damage.
You hit the gnoll.
You kill the gnoll!
Fedhas accepts your kill.
You barely miss the gnoll. You hit the gnoll.
The gnoll is lightly wounded.
The gnoll hits you with a +0 club.
* * * LOW HITPOINT WARNING * * *
You hit the gnoll but do no damage.
The gnoll is lightly wounded.
You hit the gnoll.
The gnoll is heavily wounded.
You howl as the wereblood boils in your veins!
The gnoll hits you with a +0 club!
You die...
Fedhas appreciates your contribution to the ecosystem.

...........#......#.#.## #.##
..^.....##...##.....#.# #.#
...........)........#.# #.#
......#..###......#.#.# ##.#
###......##...##......###..#
##..............#.#......##
##.............###.......##
#........>.....####......######
#........).....g@.#....<......#
#..........)...##.....[.......#
#..............####...........#
#..............# #...........#
##............## #...........#
###...........# #...........#
....#.........# #...........#
##..##.......## ##(......)..#
####.........# #..........#


You could see a gnoll.

Vanquished Creatures
  An adder (D:2)
  3 gnolls
  An ooze (D:2)
  3 dart slugs
  A leopard gecko (D:1)
  A ball python (D:2)
  3 giant cockroaches
  7 goblins
  5 hobgoblins
  7 jackals
  6 kobolds
  8 bats
  3 frilled lizards (D:2)
  6 rats
55 creatures vanquished.

Notes
Turn   | Place    | Note
-------+----------+-------------------------------------------
     0 | D:1      | lastplaneout the Vampire Transmuter began the quest for the
                  | Orb.
     0 | D:1      | Reached XP level 1. HP: 14/14 MP: 3/3
   181 | D:1      | Reached XP level 2. HP: 17/20 MP: 3/5
   269 | D:1      | Reached skill level 4 in Unarmed Combat
   722 | D:1      | Learned a level 2 spell: Wereblood
   750 | D:2      | You fall into a shaft and drop 1 floor!
   771 | D:2      | Reached XP level 3. HP: 21/25 MP: 4/6
   789 | D:2      | Learned a level 3 spell: Spider Form
   844 | D:2      | Found a faded altar of an unknown god.
   857 | D:2      | Became a worshipper of Fedhas Madash
   857 | D:2      | Reached * piety under Fedhas
  1231 | D:2      | Reached XP level 4. HP: 25/31 MP: 5/7
  1464 | D:3      | Reached skill level 5 in Unarmed Combat
  1548 | D:3      | HP: 1/31 [gnoll/+0 club (8)]
  1564 | D:2      | Reached ** piety under Fedhas
  1632 | D:2      | Slain by a gnoll

Illustrated notes

Levels and vault maps discovered:
D:1:      dpeg_arrival_shelter, layout_loops_ring
D:2:      layout_rooms, chequers_ecumenical_altar_simple,
          kennysheep_generic_room_5
D:3:      layout_basic, nicolae_ashenzari_panopticon, lemuel_round_altar

Skill      XL: |  1  2  3  4 |
---------------+-------------+-----
Unarmed Combat | 4 5 |  5.2
Transmutations | 3 |  3.4
Fighting       | |  0.8
Dodging        | |  2.1
Spellcasting   | |  2.0

Action                   |  1- 3 |  4- 6 || total
-------------------------+-------+-------++-------
Melee: Unarmed           |    98 |    35 ||   133
       Kick              |    12 |     5 ||    17
       Headbutt          |     9 |     1 ||    10
       Bite              |     7 |     2 ||     9
       Punch             |     2 |     2 ||     4
 Cast: Beastly Appendage |    20 |     5 ||    25
       Wereblood         |     2 |     2 ||     4
  Use: Potion            |       |     3 ||     3
       Scroll            |       |     2 ||     2
 Stab: Sleeping          |     1 |     1 ||     2
Armor: Robe              |    21 |     5 ||    26
Dodge: Dodged            |    84 |    23 ||   107
